3A
WASHINGTON GENERALS @ MYRTLE BEACH SEAHAWKS
09/03/2022
 
TOP OF THE 1ST
Washington Generals batting - Pitching for Myrtle Beach Seahawks : RHP José Guardado
Pitching: RHP José Guardado
Batting: RHB Jenkins Hall 0-0: Fly out, F7 (Flyball, 7M)
Batting: LHB Michael Whorton 0-0: Bunt missed!
0-1: Ball
1-1: Ball
2-1: Ball
3-1: Called Strike
3-2: Base on Balls
Batting: RHB Carlos Correa 0-0: Fly out, F8 (Flyball, 8RM)
Batting: RHB Arturo Morales 0-0: Ball
1-0: Swinging Strike
1-1: Ball
2-1: Swinging Strike
2-2: Ball
3-2: Fly out, F9 (Flyball, 9M)
Top of the 1st over - 0 run(s), 0 hit(s), 0 error(s), 1 left on base; Washington 0 - Myrtle Beach 0
BOTTOM OF THE 1ST
Myrtle Beach Seahawks batting - Pitching for Washington Generals : LHP César Rosado
Pitching: LHP César Rosado
Batting: RHB Manuel Díaz 0-0: Called Strike
0-1: Swinging Strike
0-2: Strikes out swinging
Batting: RHB Dionísio Prudente 0-0: DOUBLE (Line Drive, 7LS)
Batting: RHB Fernando Pérez 0-0: Called Strike
0-1: Called Strike
0-2: Ball
1-2: Ball
2-2: Foul Ball, location: 2F
2-2: SINGLE (Line Drive, 6MD)
Dionísio Prudente to third
Batting: RHB José Sosa 0-0: Ball
1-0: Called Strike
Fernando Pérez steals 2nd base
1-1: Called Strike
1-2: Foul Ball, location: 2F
1-2: Foul Ball, location: 2F
1-2: Fly out, F3 (Popup, 3F)
Batting: SHB Jorge Barrios 0-0: Ball
1-0: Foul Ball, location: 2F
1-1: Called Strike
1-2: Ball
2-2: Strikes out swinging
Bottom of the 1st over - 0 run(s), 2 hit(s), 0 error(s), 2 left on base; Washington 0 - Myrtle Beach 0
TOP OF THE 2ND
Washington Generals batting - Pitching for Myrtle Beach Seahawks : RHP José Guardado
Batting: SHB Carlos Alicea 0-0: Ball
1-0: Called Strike
1-1: Ball
2-1: DOUBLE (Line Drive, 89M)
Batting: LHB Jim Unknown 0-0: Ball
1-0: Foul Ball, location: 2F
1-1: DOUBLE (Groundball, 5L)
Carlos Alicea scores
Batting: RHB Alejandro Márquez 0-0: Hit by Pitch
Batting: RHB Tim Lehman 0-0: Ball
1-0: Ball
2-0: Ball
3-0: Called Strike
3-1: Base on Balls
Jim Unknown to third
Alejandro Márquez to second
Batting: RHB Andy Moore 0-0: Called Strike
0-1: Ball
Wild Pitch!
Jim Unknown scores
Alejandro Márquez to third
Tim Lehman to second
1-1: Ball
2-1: Ball
3-1: Base on Balls
Batting: RHB Jenkins Hall 0-0: Ball
1-0: Called Strike
1-1: Ball
2-1: Called Strike
2-2: Foul Ball, location: 2F
2-2: Strikes out swinging
Batting: LHB Michael Whorton 0-0: Ball
1-0: Ball
2-0: Called Strike
2-1: Fly out, F3 (Line Drive, 34)
2-1: Lined into DP, U3 (Line Drive, 34)
Top of the 2nd over - 2 run(s), 2 hit(s), 0 error(s), 2 left on base; Washington 2 - Myrtle Beach 0
BOTTOM OF THE 2ND
Myrtle Beach Seahawks batting - Pitching for Washington Generals : LHP César Rosado
Batting: RHB Rodrigo Lugo 0-0: Ball
1-0: Reached on error, E5 (Groundball, 56S)
Batting: RHB Jim Unknown 0-0: Ball
1-0: Called Strike
1-1: Foul Ball, location: 2F
1-2: Foul Ball, location: 2F
1-2: DOUBLE (Groundball, 5L)
Rodrigo Lugo to third
Batting: RHB Roberto Escues 0-0: Ball
1-0: Foul Ball, location: 2F
1-1: Called Strike
1-2: SINGLE (Groundball, 3S)
Rodrigo Lugo scores
Jim Unknown to third
Batting: RHB Guillaume Colin 0-0: Swinging Strike
0-1: Swinging Strike
0-2: Foul Ball, location: 2F
0-2: Ball
1-2: Ball
2-2: Foul Ball, location: 2F
2-2: Fielders Choice at 2nd, 1-6 (Groundball, 13S)
Batting: RHB Manuel Díaz 0-0: Called Strike
0-1: Ball
1-1: Foul Ball, location: 2F
1-2: Fly out, F9 (Popup, 34D)
Batting: RHB Dionísio Prudente 0-0: Ball
1-0: Called Strike
1-1: Foul Ball, location: 2F
1-2: Fielders Choice at 2nd, 5-4 (Groundball, 5)
Bottom of the 2nd over - 1 run(s), 2 hit(s), 1 error(s), 1 left on base; Washington 2 - Myrtle Beach 1
TOP OF THE 3RD
Washington Generals batting - Pitching for Myrtle Beach Seahawks : RHP José Guardado
Batting: RHB Carlos Correa 0-0: Called Strike
0-1: Foul Ball, location: 2F
0-2: Strikes out looking
Batting: RHB Arturo Morales 0-0: Ball
1-0: Called Strike
1-1: Swinging Strike
1-2: Ball
2-2: Strikes out swinging
Batting: SHB Carlos Alicea 0-0: Ball
1-0: Foul Ball, location: 2F
1-1: Swinging Strike
1-2: Ball
2-2: Foul Ball, location: 2F
2-2: Foul Ball, location: 2F
2-2: Ball
3-2: Ground out U3 (Groundball, 3)
Top of the 3rd over - 0 run(s), 0 hit(s), 0 error(s), 0 left on base; Washington 2 - Myrtle Beach 1
BOTTOM OF THE 3RD
Myrtle Beach Seahawks batting - Pitching for Washington Generals : LHP César Rosado
Batting: RHB Fernando Pérez 0-0: Ground out 6-3 (Groundball, 6)
Batting: RHB José Sosa 0-0: Ball
1-0: Ball
2-0: Ball
3-0: Called Strike
3-1: Called Strike
3-2: Foul Ball, location: 2F
3-2: Foul Ball, location: 2F
3-2: Ground out 5-3 (Groundball, 5L)
Batting: SHB Jorge Barrios 0-0: Ball
1-0: Swinging Strike
1-1: Fly out, F9 (Flyball, 89M)
Bottom of the 3rd over - 0 run(s), 0 hit(s), 0 error(s), 0 left on base; Washington 2 - Myrtle Beach 1
TOP OF THE 4TH
Washington Generals batting - Pitching for Myrtle Beach Seahawks : RHP José Guardado
Batting: LHB Jim Unknown 0-0: Called Strike
0-1: Fly out, F8 (Flyball, 8RD)
Batting: RHB Alejandro Márquez 0-0: Ball
1-0: SINGLE (Flyball, 7LS)
Batting: RHB Tim Lehman 0-0: Ball
1-0: SINGLE (Line Drive, 34D)
Alejandro Márquez to second
Batting: RHB Andy Moore 0-0: Ball
1-0: Foul Ball, location: 2F
1-1: Foul Ball, location: 2F
1-2: Ground out 4-3 (Groundball, 13)
Alejandro Márquez to third
Tim Lehman to second
Batting: RHB Jenkins Hall 0-0: Foul Ball, location: 2F
0-1: Ball
1-1: Ball
2-1: Fly out, F3 (Popup, 3SF)
Top of the 4th over - 0 run(s), 2 hit(s), 0 error(s), 2 left on base; Washington 2 - Myrtle Beach 1
BOTTOM OF THE 4TH
Myrtle Beach Seahawks batting - Pitching for Washington Generals : LHP César Rosado
Batting: RHB Rodrigo Lugo 0-0: Ball
1-0: Called Strike
1-1: Swinging Strike
1-2: Strikes out swinging
Batting: RHB Jim Unknown 0-0: Foul Ball, location: 2F
0-1: Foul Ball, location: 2F
0-2: Ball
1-2: Ball
2-2: Ball
3-2: DOUBLE (Flyball, 8RM)
Batting: RHB Roberto Escues 0-0: Ball
1-0: Ball
2-0: Ground out 6-3 (Groundball, 6)
Batting: RHB Guillaume Colin 0-0: Foul Ball, location: 2F
0-1: Ball
1-1: Fly out, F3 (Popup, 3L)
Bottom of the 4th over - 0 run(s), 1 hit(s), 0 error(s), 1 left on base; Washington 2 - Myrtle Beach 1
TOP OF THE 5TH
Washington Generals batting - Pitching for Myrtle Beach Seahawks : RHP José Guardado
Batting: LHB Michael Whorton 0-0: Ball
1-0: Called Strike
1-1: Ball
2-1: Hit by Pitch
Batting: RHB Carlos Correa 0-0: Ball
1-0: Ball
2-0: Fly out, F7 (Line Drive, 78M)
Batting: RHB Arturo Morales 0-0: Ball
1-0: Ball
2-0: Hit by Pitch
Michael Whorton to second
Batting: SHB Carlos Alicea 0-0: Ball
Michael Whorton steals 3rd base
Arturo Morales to second
1-0: Ball
2-0: Called Strike
2-1: Fly out, F8 (Flyball, 8LD)
Runner from 3rd tags up, SCORES, no throw
Arturo Morales to third
Batting: LHB Jim Unknown 0-0: SINGLE (Groundball, 3S)
Arturo Morales scores
Batting: RHB Alejandro Márquez 0-0: Swinging Strike
0-1: Ball
1-1: Fly out, F7 (Flyball, 78M)
Top of the 5th over - 2 run(s), 1 hit(s), 0 error(s), 1 left on base; Washington 4 - Myrtle Beach 1
BOTTOM OF THE 5TH
Myrtle Beach Seahawks batting - Pitching for Washington Generals : LHP César Rosado
Batting: RHB Manuel Díaz 0-0: Ball
1-0: Ball
2-0: Ball
3-0: Called Strike
3-1: Base on Balls
Batting: RHB Dionísio Prudente 0-0: Ball
1-0: Called Strike
1-1: Bunted foul
1-2: Strikes out looking
Batting: RHB Fernando Pérez 0-0: Foul Ball, location: 2F
0-1: Swinging Strike
0-2: Strikes out swinging
Batting: RHB José Sosa 0-0: Foul Ball, location: 2F
0-1: Foul Ball, location: 2F
0-2: Ball
1-2: Fly out, F7 (Flyball, 78M)
Bottom of the 5th over - 0 run(s), 0 hit(s), 0 error(s), 1 left on base; Washington 4 - Myrtle Beach 1
TOP OF THE 6TH
Washington Generals batting - Pitching for Myrtle Beach Seahawks : RHP José Guardado
Batting: RHB Tim Lehman 0-0: Ball
1-0: Called Strike
1-1: Ball
2-1: Foul Ball, location: 2F
2-2: Foul Ball, location: 2F
2-2: Ball
3-2: Fly out, F8 (Flyball, 78M)
Batting: RHB Andy Moore 0-0: Ball
1-0: Ball
2-0: Ball
3-0: Called Strike
3-1: Called Strike
3-2: Foul Ball, location: 2F
3-2: Foul Ball, location: 2F
3-2: Foul Ball, location: 2F
3-2: Base on Balls
Pitching: RHP Pat Thompson
Batting: RHB Jenkins Hall 0-0: Called Strike
0-1: Ball
1-1: Ball
2-1: SINGLE (Groundball, 56D)
Andy Moore to second
Batting: LHB Michael Whorton 0-0: Called Strike
0-1: Grounds into double play, 4-6-3 (Groundball, 4)
Top of the 6th over - 0 run(s), 1 hit(s), 0 error(s), 1 left on base; Washington 4 - Myrtle Beach 1
BOTTOM OF THE 6TH
Myrtle Beach Seahawks batting - Pitching for Washington Generals : LHP César Rosado
Batting: SHB Jorge Barrios 0-0: Fly out, F3 (Popup, 23F)
Batting: RHB Rodrigo Lugo 0-0: Ball
1-0: Ball
2-0: Fly out, F7 (Flyball, 7LM)
Batting: RHB Jim Unknown 0-0: Ball
1-0: Ball
2-0: Ground out 4-3 (Groundball, 4)
Bottom of the 6th over - 0 run(s), 0 hit(s), 0 error(s), 0 left on base; Washington 4 - Myrtle Beach 1
TOP OF THE 7TH
Washington Generals batting - Pitching for Myrtle Beach Seahawks : RHP Pat Thompson
Batting: RHB Carlos Correa 0-0: Ground out 5-3 (Groundball, 56)
Batting: RHB Arturo Morales 0-0: Swinging Strike
0-1: Ball
1-1: TRIPLE (Flyball, 8RXD)
Batting: SHB Carlos Alicea 0-0: Ball
1-0: Fly out, F8 (Flyball, 8LD)
Runner from 3rd tags up, SCORES, no throw
Batting: LHB Jim Unknown 0-0: Called Strike
0-1: Ball
1-1: Ball
2-1: Swinging Strike
2-2: DOUBLE (Groundball, 5L)
Batting: RHB Alejandro Márquez 0-0: Fly out, F1 (Line Drive, 13S)
Top of the 7th over - 1 run(s), 2 hit(s), 0 error(s), 1 left on base; Washington 5 - Myrtle Beach 1
BOTTOM OF THE 7TH
Myrtle Beach Seahawks batting - Pitching for Washington Generals : LHP César Rosado
Batting: RHB Roberto Escues 0-0: Ball
1-0: Called Strike
1-1: Ball
2-1: Fly out, F4 (Popup, 4MD)
Batting: RHB Guillaume Colin 0-0: Ball
1-0: Ball
2-0: Called Strike
2-1: Foul Ball, location: 2F
2-2: Ball
3-2: Ground out 6-3 (Groundball, 6)
Batting: RHB Manuel Díaz 0-0: Called Strike
0-1: Swinging Strike
0-2: Foul Ball, location: 2F
0-2: Foul Ball, location: 2F
0-2: Strikes out swinging
Bottom of the 7th over - 0 run(s), 0 hit(s), 0 error(s), 0 left on base; Washington 5 - Myrtle Beach 1
TOP OF THE 8TH
Washington Generals batting - Pitching for Myrtle Beach Seahawks : RHP Pat Thompson
Batting: RHB Tim Lehman 0-0: Called Strike
0-1: Ball
1-1: Ground out 6-3 (Groundball, 6)
Batting: RHB Andy Moore 0-0: Ball
1-0: Called Strike
1-1: Swinging Strike
1-2: Strikes out looking
Batting: RHB Jenkins Hall 0-0: Called Strike
0-1: Called Strike
0-2: Ball
1-2: Strikes out looking
Top of the 8th over - 0 run(s), 0 hit(s), 0 error(s), 0 left on base; Washington 5 - Myrtle Beach 1
BOTTOM OF THE 8TH
Myrtle Beach Seahawks batting - Pitching for Washington Generals : LHP César Rosado
Pitching: RHP Juan Rivas
Batting: RHB Dionísio Prudente 0-0: Ball
1-0: Ball
2-0: Foul Ball, location: 2F
2-1: Ground out 5-3 (Groundball, 56)
Batting: RHB Fernando Pérez 0-0: Ball
1-0: Called Strike
1-1: Ball
2-1: Foul Ball, location: 2F
2-2: Ball
3-2: Strikes out swinging
Batting: RHB José Sosa 0-0: Called Strike
0-1: Ball
1-1: Foul Ball, location: 2F
1-2: Foul Ball, location: 2F
1-2: Foul Ball, location: 2F
1-2: Ball
2-2: Ball
3-2: Strikes out swinging
Bottom of the 8th over - 0 run(s), 0 hit(s), 0 error(s), 0 left on base; Washington 5 - Myrtle Beach 1
TOP OF THE 9TH
Washington Generals batting - Pitching for Myrtle Beach Seahawks : RHP Pat Thompson
Batting: LHB Michael Whorton 0-0: Ball
1-0: Ball
2-0: Ball
3-0: Called Strike
3-1: Swinging Strike
3-2: Strikes out swinging
Batting: RHB Carlos Correa 0-0: Ball
1-0: Ball
2-0: Called Strike
2-1: Swinging Strike
2-2: Strikes out swinging
Batting: RHB Arturo Morales 0-0: Foul Ball, location: 2F
0-1: Ball
1-1: Foul Ball, location: 2F
1-2: Strikes out swinging
Top of the 9th over - 0 run(s), 0 hit(s), 0 error(s), 0 left on base; Washington 5 - Myrtle Beach 1
BOTTOM OF THE 9TH
Myrtle Beach Seahawks batting - Pitching for Washington Generals : RHP Juan Rivas
Batting: SHB Jorge Barrios 0-0: Foul Ball, location: 2F
0-1: Swinging Strike
0-2: Strikes out looking
Batting: RHB Rodrigo Lugo 0-0: Called Strike
0-1: Ball
1-1: Called Strike
1-2: Foul Ball, location: 2F
1-2: Foul Ball, location: 2F
1-2: SINGLE (Groundball, 56D)
Batting: RHB Jim Unknown 0-0: Ball
1-0: Foul Ball, location: 2F
1-1: Swinging Strike
1-2: Fly out, F2 (Popup, 2LF)
Batting: RHB Roberto Escues 0-0: Called Strike
0-1: 2-RUN HOME RUN (Flyball, 7D), Distance : 414 ft
Pitching: RHP Germán Orozco
Batting: RHB Guillaume Colin 0-0: Fly out, F6 (Popup, 56D)
Bottom of the 9th over - 2 run(s), 2 hit(s), 0 error(s), 0 left on base; Washington 5 - Myrtle Beach 3
This league is powered by Out of the Park Baseball, the baseball management simulation game for PC, Mac and Linux
Friday, April 15th, 2016 - OOTP Baseball 16.9 Build 39